 Dungeon Sprint DCSS version 0.26-a0-1101-g8f9f7f7418 (webtiles) character file.

Game seed: 13802059220109199322

1100000 Adamkad1 the Executioner (level 15, -28/162 HPs)
             Began as a Palentonga Gladiator on Dec 15, 2020.
             Was a Follower of Makhleb.
             Annihilated by a bag of meat
             ... wielding a +9 war axe
              (39 damage)
             ... in the Dungeon (Sprint VIII: "Arena of Blood").
             The game lasted 00:00:23 (11 turns).

Adamkad1 the Executioner (Palentonga Gladiator)       Turns: 11, Time: 00:00:24

Health: -28/162    AC: 12    Str: 17    XL:     15   Next: 22%
Magic:  15/15      EV: 21    Int: 11    God:    Makhleb [*.....]
Gold:   0          SH:  0    Dex: 16    Spells: 14/14 levels left

rFire    . . .     SeeInvis +   (no weapon)
rCold    . . .     Faith    .   (no shield)
rNeg     . . .     Spirit   .   b - +0 leather armour
rPois    .         Reflect  .   c - +0 helmet
rElec    .         Harm     .   (no cloak)
rCorr    .         Rampage  .   (no gloves)
Will     +....     NoTele   +   (no barding)
Stlth    +.........             (no amulet)
HPRegen  0.37/turn              (no ring)
MPRegen  0.14/turn              (no ring)

@: curled up
A: large, rugged brown scales 3, see invisible, deformed body, roll 1, armoured
tail, reflexive curl
a: Rolling Charge, Renounce Religion


You were in the Dungeon.
You worshipped Makhleb.
Makhleb was aware of your devotion.
You visited 1 branch

Inventory:

Hand Weapons
 a - a +0 war axe
 k - the +∞ Axe of Woe
   (You found it in the Dungeon)
Missiles
 d - 3 throwing nets (quivered)
Armour
 b - a +0 leather armour (worn)
 c - a +0 helmet (worn)
Scrolls
 j - a scroll of blinking
Potions
 e - a potion of curing
 f - a potion of heal wounds
 g - a potion of haste
 h - 2 potions of magic
 i - a potion of berserk rage


   Skills:
 + Level 19.4 Fighting
 * Level 25.6 Axes
 + Level 15.6 Throwing
 + Level 16.8 Dodging


You had 14 spell levels left.
You didn't know any spells.
Your spell library was empty.

Dungeon Overview and Level Annotations

Branches:
Dungeon (1/1)

Altars:
Makhleb


Innate Abilities, Weirdness & Mutations

You are completely covered in rugged brown scales. (AC +3, +7% HP)
You have supernaturally acute eyesight. (SInv)
Armour fits poorly on your strangely shaped body.
You can roll at nearby foes to attack.
You have a long armoured tail.
You curl defensively after being hit.


Message History

The bag of meat shouts!
You hear a shout! x2
A meat berserker comes into view. It is wielding a +9 battleaxe.
You hear a shout! x3
The meat berserker hits you with a +9 battleaxe!!!
The bag of meat hits you with a +9 war axe!!
A bag of meat comes into view. It is wielding a +9 war axe.
The bag of meat hits you with a +9 war axe!!
You hear a shout! x3
Unknown command.
Okay, then.
k - the +∞ Axe of Woe You hear a shout! x6
The meat berserker hits you with a +9 battleaxe!!!
* * * LOW HITPOINT WARNING * * *
You hear a shout!
The bag of meat hits you with a +9 war axe!!
* * * LOW HITPOINT WARNING * * *
You hear a shout! x2
The bag of meat hits you with a +9 war axe!!!
You die...

.........
.........
......... .
#.......# #..
#...o...#
....###.... ..###.
......ooo###......
#....o@)._......
......O#o....#.
.......#_.<._#
.......#..o..#
.#........_O.o...
.........###......
....###... .o###.
.... #... ..# #...
.#


You could see 2 meat berserkers and 9 bags of meat.

Vanquished Creatures
  2 ogres (D)
  2 orcs (D)
4 creatures vanquished.

Notes
Turn   | Place    | Note
-------+----------+-------------------------------------------
     0 | D        | Found the +∞ Axe of Woe
     0 | D        | Adamkad1 the Palentonga Gladiator began the quest for the
                  | Orb.
     0 | D        | Reached XP level 1. HP: 18/18 MP: 1/1
     1 | D        | Noticed a bag of meat
     3 | D        | Became a worshipper of Makhleb the Destroyer
     3 | D        | Noticed a meat berserker
     5 | D        | Noticed a meat berserker
     5 | D        | Noticed a bag of meat
     5 | D        | Noticed a bag of meat
     6 | D        | Noticed a bag of meat
     6 | D        | Noticed a bag of meat
     6 | D        | Noticed a bag of meat
     7 | D        | Noticed a meat berserker
     7 | D        | Noticed a bag of meat
     8 | D        | Killed a meat berserker
     8 | D        | Killed a meat berserker
     8 | D        | Reached * piety under Makhleb
     8 | D        | Noticed a bag of meat
     8 | D        | Noticed a bag of meat
     9 | D        | Reached skill level 23 in Axes
     9 | D        | Reached skill level 15 in Dodging
     9 | D        | Reached XP level 2. HP: 55/55 MP: 2/2
     9 | D        | Reached XP level 3. HP: 63/63 MP: 3/3
     9 | D        | Reached XP level 4. HP: 72/72 MP: 4/4
     9 | D        | Reached XP level 5. HP: 79/79 MP: 5/5
     9 | D        | Reached XP level 6. HP: 87/87 MP: 6/6
     9 | D        | Gained mutation: You curl defensively after being hit.
                  | [Palentonga growth]
     9 | D        | Reached XP level 7. HP: 95/95 MP: 7/7
     9 | D        | Reached XP level 8. HP: 103/103 MP: 8/8
     9 | D        | Reached XP level 9. HP: 111/111 MP: 9/9
     9 | D        | Reached XP level 10. HP: 119/119 MP: 10/10
     9 | D        | Reached XP level 11. HP: 126/126 MP: 11/11
     9 | D        | Reached XP level 12. HP: 135/135 MP: 12/12
     9 | D        | Reached XP level 13. HP: 143/143 MP: 13/13
     9 | D        | Reached XP level 14. HP: 150/150 MP: 14/14
     9 | D        | Killed a bag of meat
     9 | D        | Killed a bag of meat
     9 | D        | Noticed a bag of meat
    10 | D        | Reached skill level 25 in Axes
    10 | D        | Reached skill level 15 in Throwing
    10 | D        | Reached XP level 15. HP: 162/162 MP: 15/15
    10 | D        | Noticed a meat berserker
    11 | D        | Annihilated by a bag of meat

Illustrated notes

Levels and vault maps discovered:
D:        meatsprint

Skill      XL: |  1  2  3  4  5  6  7  8  9 10 11 12 13 14 |
---------------+-------------------------------------------+-----
Fighting       | 17 19 | 19.4
Axes           | 23 25 | 25.6
Throwing       | 14 15 | 15.6
Dodging        | 15 16 | 16.8

Action                   |  1- 3 |  4- 6 |  7- 9 | 10-12 | 13-15 || total
-------------------------+-------+-------+-------+-------+-------++-------
Melee: Executioner's axe |     1 |       |       |       |     1 ||     2

Table legend: (Time is in decaauts)
 A = Elapsed time spent in this place.
 B = Non-inter-level travel time spent in this place.
 C = Inter-level travel time spent in this place.
 D = Time resting spent in this place.
 E = Time spent auto-exploring this place.
 F = Levels seen in this place.
 G = Mean time per level.
                   A        B        C        D        E       F      G
               +--------+--------+--------+--------+--------+-----+--------+
         Total |     11 |     11 |      0 |      0 |      0 |   1 |   11.0 |
       Dungeon |     11 |     11 |      0 |      0 |      0 |   1 |   11.0 |
               +--------+--------+--------+--------+--------+-----+--------+

Top non-repeatable levels by time:
       D: 11 daAuts
